 Dungeon Crawl Stone Soup version 0.30-a0-222-ge547ba4400 (webtiles) character file.

Game seed: 11597243112663375880

374 Jannitor the Covered (level 6, -8/55 HPs)
             Began as an Armataur Chaos Knight on Oct 8, 2022.
             Was a Plaything of Xom.
             Killed by an exploding butterfly (15 damage)
             ... ignited by their inner flame
             ... on level 4 of the Dungeon.
             The game lasted 00:04:12 (2363 turns).

Jannitor the Covered (Armataur Chaos Knight)        Turns: 2363, Time: 00:04:13

Health: -8/55      AC:  7    Str: 17    XL:     6   Next: 43%
Magic:  6/6        EV:  9    Int: 13    God:    Xom [......]
Gold:   180        SH:  0    Dex: 11    Spells: 5/5 levels left

rFire   . . .      SeeInvis +    a - +0 short sword (chaos)
rCold   . . .      Faith    .    (no shield)
rNeg    . . .      Spirit   .    b - +2 leather armour
rPois   .          Reflect  .    (no helmet)
rElec   .          Harm     .    (no cloak)
rCorr   .          Roll     +    (no gloves)
Will    .....                    (no barding)
Stlth   ++........               (no amulet)
HPRegen 0.29/turn                l - ring of see invisible
MPRegen 0.10/turn                (no ring)

@: unable to drink
A: large, rugged brown scales 3, deformed body, armoured tail, roll, long
tongue, awkward tongue, inability to drink after injury 1
a: Renounce Religion


You were on level 4 of the Dungeon.
You worshipped Xom.
You were a very special plaything of Xom.
You visited 1 branch of the dungeon, and saw 4 of its levels.

You collected 180 gold pieces.

Inventory:

Hand Weapons
 a - a +0 short sword of chaos (weapon)
Missiles
 g - 5 curare-tipped darts (quivered)
Armour
 b - a +2 leather armour (worn)
Jewellery
 l - a ring of see invisible (left hand)
Scrolls
 d - 2 scrolls of identify {unknown}
 f - a scroll of torment
 h - a scroll of enchant weapon {unknown}
 i - 5 scrolls of fear
Potions
 e - 3 potions of curing {unknown}
 p - a potion of heal wounds {unknown}
Miscellaneous
 c - a piece from Xom's chessboard (15/15)


   Skills:
 + Level 3.7 Fighting
 + Level 3.8 Short Blades
 + Level 4.2 Armour
 + Level 2.2 Dodging
 + Level 3.1 Stealth


You had 5 spell levels left.
You didn't know any spells.
Your spell library contained the following spells:

 Spells                   Type           Power      Damage    Failure   Level
 Shock                    Conj/Air       0%         1d3       36%         1
 Swiftness                Air            0%         N/A       73%         3
 Airstrike                Air            0%         2d(0-16)  98%         4


Dungeon Overview and Level Annotations

Branches:
Dungeon (4/15)
 Temple: D:4-7

Altars:

Annotations:
D:3 Grinder


Innate Abilities, Weirdness & Mutations

You are completely covered in rugged brown scales. (AC +3, +7% HP)
Armour fits poorly on your strangely shaped body.
You have a long armoured tail.
You roll when moving toward enemies. (Rampage)
Your long tongue fully drains potion bottles. (2x potion effects)
Your tongue gives you trouble enunciating. (1.5x scroll delay)
You occasionally lose the ability to drink potions when taking damage.


Message History

Your butterfly disappears in a burst of colours!
Your butterfly explodes!
The fiery explosion engulfs your butterfly!!
Your butterfly disappears in a burst of colours!
The fiery explosion engulfs your butterfly!!
Your butterfly disappears in a burst of colours!
The fiery explosion engulfs your butterfly!!
Your butterfly disappears in a burst of colours!
The fiery explosion engulfs your butterfly!!
Your butterfly disappears in a burst of colours!
The fiery explosion engulfs your butterfly!!
Your butterfly disappears in a burst of colours!
Your butterfly explodes!
The fiery explosion engulfs your butterfly!
Your butterfly disappears in a burst of colours!
The fiery explosion engulfs your butterfly!!
Your butterfly disappears in a burst of colours!
The fiery explosion engulfs your butterfly!!
Your butterfly disappears in a burst of colours!
The fiery explosion engulfs your butterfly!!
Your butterfly disappears in a burst of colours!
Your butterfly explodes! x2
The fiery explosion engulfs your butterfly!!
Your butterfly disappears in a burst of colours!
Your butterfly explodes! x2
The fiery explosion engulfs your butterfly!!
Your butterfly disappears in a burst of colours!
Your butterfly explodes!
The fiery explosion engulfs your butterfly!!
Your butterfly disappears in a burst of colours!
Your butterfly explodes!
The fiery explosion engulfs your butterfly!!
Your butterfly disappears in a burst of colours!
Your butterfly explodes!
The fiery explosion engulfs your butterfly!!
Your butterfly disappears in a burst of colours!
Your butterfly explodes!
The fiery explosion engulfs you!
You die...
Xom chuckles heartily!

..##....## ##...###..##
# ###§§#####§§..#...#
##§§##§§§...#...#
#§b.b§§...###.##
#§§bb.#...# #..####
##§§§.##...# ##....#
##§§§§§##...###......
§###§.§§§§§##b§##.......
§§§§b§§@§§.§§§§b#..###..
#§§##§§§§§§§.§§....# ##.
.# ####§§§§§§§...### ##
##§§§§§###...####
##§§§## ##...... #####
##..... ##.### #..# #
##..###


There were no monsters in sight!

Vanquished Creatures
  An orc priest (D:4)
  An iguana (D:4)
  Natasha (twice) (D:2)
  An orc wizard (D:4)
  3 adders
  A worm (D:2)
  A dart slug (D:1)
  3 orcs (D:4)
  4 ball pythons
  5 endoplasms
  3 giant cockroaches
  7 hobgoblins
  5 quokkas
  7 bats
  5 frilled lizards
  3 goblins (D:1)
  4 kobolds
  9 rats
65 creatures vanquished.

Vanquished Creatures (collateral kills)
  Sigmund (D:2)
  A quokka (D:2)
2 creatures vanquished.

Grand Total: 67 creatures vanquished

Notes
Turn   | Place    | Note
-------+----------+-------------------------------------------
     0 | D:1      | Jannitor the Armataur Chaos Knight began the quest for the
                  | Orb.
     0 | D:1      | Reached XP level 1. HP: 19/19 MP: 1/1
    32 | D:1      | XOM: potion effect (invisibility)
   126 | D:1      | Reached XP level 2. HP: 26/26 MP: 2/2
   193 | D:1      | Reached skill level 1 in Dodging
   319 | D:1      | Reached skill level 1 in Stealth
   365 | D:1      | Reached XP level 3. HP: 32/32 MP: 3/3
   699 | D:2      | Reached skill level 3 in Armour
   795 | D:2      | Found a faded altar of an unknown god.
  1091 | D:2      | Noticed Natasha
  1097 | D:2      | Killed Natasha
  1098 | D:2      | Reached XP level 4. HP: 37/40 MP: 4/4
  1198 | D:2      | Noticed Natasha
  1204 | D:2      | Killed Natasha
  1212 | D:2      | Noticed Sigmund
  1219 | D:2      | XOM: cast spell 'Summon Mana Viper'
  1221 | D:2      | Killed Sigmund
  1222 | D:2      | Reached skill level 4 in Armour
  1222 | D:2      | Reached XP level 5. HP: 42/48 MP: 5/5
  1316 | D:3      | Noticed Grinder
  1425 | D:3      | Paralysed by Grinder for 5 turns
  1428 | D:3      | XOM: cast spell 'Alistair's Intoxication'
  1430 | D:3      | XOM: enchant monster (good)
  1530 | D:4      | Reached XP level 6. HP: 54/54 MP: 6/6
  1793 | D:4      | XOM: give mutations
  1793 | D:4      | Gained mutation: You occasionally lose the ability to drink
                  | potions when taking damage. [Xom's mischief]
  1793 | D:4      | Gained mutation: You do not regenerate when monsters are
                  | visible. [Xom's mischief]
  2125 | D:4      | XOM: summons 4 hostile demons
  2147 | D:4      | XOM: smoke on damage
  2348 | D:4      | XOM: give mutations
  2348 | D:4      | Gained mutation: You are frail. (-10% HP) [Xom's mischief]
  2348 | D:4      | Lost mutation: You do not regenerate when monsters are
                  | visible. [Xom's mischief]
  2348 | D:4      | Lost mutation: You are frail. (-10% HP) [Xom's mischief]
  2363 | D:4      | Killed by an exploding butterfly... ignited by their inner
                  | flame

Illustrated notes

Levels and vault maps discovered:
D:1:      lemuel_arrival_lava_pool, layout_basic, minmay_statues_item
D:2:      layout_basic, nicolae_ecumenical_oubliette, uniq_sigmund, uniq_natasha
D:3:      layout_rooms, marbit_many_paths, nicolae_overflow_hidden_temple,
          cheibrodos_sewer_entry_bend, minmay_close_crescents,
          uniq_crazy_yiuf_cottage, uniq_grinder
D:4:      layout_layer_cave, kennysheep_path_1, nicolae_figureground_sparkle

Skill      XL: |  1  2  3  4  5  6 |
---------------+-------------------+-----
Dodging        | 1 2 |  2.2
Stealth        | 1 2 3 |  3.1
Short Blades   | 3 |  3.8
Armour         | 3 4 |  4.2
Fighting       | 3 |  3.7

Action                   |  1- 3 |  4- 6 || total
-------------------------+-------+-------++-------
Melee: Short sword       |   165 |    96 ||   261
       Tailslap          |    15 |    12 ||    27
       Punch             |     1 |     3 ||     4
Throw: Dart              |       |     5 ||     5
Evoke: Piece from Xom's  |       |     1 ||     1
  Use: Scroll            |       |     7 ||     7
 Stab: Sleeping          |     4 |     1 ||     5
       Paralysed         |       |     2 ||     2
       Distracted        |       |     1 ||     1
Armor: Leather armour    |    72 |    40 ||   112
Dodge: Dodged            |    70 |    34 ||   104

Table legend: (Time is in decaauts)
 A = Elapsed time spent in this place.
 B = Non-inter-level travel time spent in this place.
 C = Inter-level travel time spent in this place.
 D = Time resting spent in this place.
 E = Time spent auto-exploring this place.
 F = Levels seen in this place.
 G = Mean time per level.
                   A        B        C        D        E       F      G
               +--------+--------+--------+--------+--------+-----+--------+
         Total |   2324 |   2254 |     70 |    278 |   1448 |   4 |  581.0 |
       Dungeon |   2324 |   2254 |     70 |    278 |   1448 |   4 |  581.0 |
               +--------+--------+--------+--------+--------+-----+--------+

Top non-repeatable levels by time:
     D:4: 919 daAuts
     D:2: 691 daAuts
     D:1: 628 daAuts
     D:3: 84 daAuts
